 Dungeon Crawl Stone Soup version 0.26.1-11-gd32895ea62 (webtiles) character file.

Game seed: 10194451965356391067

65 vvl the Grave Robber (level 3, -1/28 HPs)
             Began as a Deep Dwarf Necromancer on June 4, 2021.
             Slain by Jessica
             ... wielding a +0 club
              (2 damage)
             ... on level 2 of the Dungeon.
             The game lasted 00:06:24 (1355 turns).

vvl the Grave Robber (Deep Dwarf Necromancer)       Turns: 1355, Time: 00:06:25

Health: -1/28      AC:  3    Str: 11    XL:     3   Next: 92%
Magic:  1/6        EV: 13    Int: 16    God:
Gold:   113        SH:  0    Dex: 13    Spells: 5/6 levels left

rFire    . . .     SeeInvis +   f - +0 whip (venom)
rCold    . . .     Faith    .   (no shield)
rNeg     . . .     Spirit   .   a - +0 robe
rPois    .         Reflect  .   (no helmet)
rElec    .         Harm     .   (no cloak)
rCorr    .         Rampage  .   b - +0 pair of gloves
Will     .....                  (no boots)
Stlth    ++........             (no amulet)
HPRegen  0.00/turn              c - ring of see invisible
MPRegen  0.10/turn              (no ring)

@: non-regenerating
A: damage resistance, heal wounds, sense surroundings 1, no regeneration
a: Heal Wounds


You were on level 2 of the Dungeon.
You visited 1 branch of the dungeon, and saw 2 of its levels.

You collected 113 gold pieces.

Inventory:

Hand Weapons
 f - a +0 whip of venom (weapon)
Armour
 a - a +0 robe (worn)
 b - a +0 pair of gloves (worn)
Jewellery
 c - a ring of see invisible (left hand)
Scrolls
 g - 2 scrolls of identify {unknown}
 h - a scroll of enchant weapon {unknown}
 i - a scroll of remove curse {unknown}
 j - a scroll of magic mapping {unknown}
Potions
 d - a potion of cancellation {unknown}
 e - a potion of haste {unknown}


   Skills:
 + Level 1.6 Armour
 + Level 2.8 Dodging
 - Level 2.4 Stealth
 + Level 2.2 Spellcasting
 * Level 5.1 Necromancy


You had 5 spell levels left.
You knew the following spells:

 Your Spells              Type           Power        Failure   Level
a - Pain                  Necr           72%          2%          1

Your spell library contained the following spells:

 Spells                   Type           Power        Failure   Level
 Animate Skeleton         Necr           36%          2%          1
 Vampiric Draining        Necr           9%           8%          3
 Animate Dead             Necr           9%           24%         4
 Agony                    Necr           18%          56%         5


Dungeon Overview and Level Annotations

Branches:
Dungeon (2/15)

Altars:
Cheibriados
Fedhas

Annotations:
D:2 Jessica


Innate Abilities, Weirdness & Mutations

You are resistant to damage.
You can heal yourself by infusing magical energy.
You passively map a small area around you.
You do not regenerate.


Message History

Jessica points at you and mumbles some strange words.
Pain shoots through your body!
* * * LOW HITPOINT WARNING * * *
You are too injured to fight recklessly!
You are too injured to fight recklessly!
You hit Jessica but do no damage.
Jessica is poisoned.
Jessica closely misses you. Jessica barely misses you.
You are too injured to fight recklessly!
You hit Jessica but do no damage.
Jessica looks as sick as possible!
Jessica is moderately wounded.
Jessica completely misses you.
You barely miss Jessica.
Jessica is heavily wounded.
Jessica hits you with a +0 club.
* * * LOW HITPOINT WARNING * * *
Jessica gestures at you while chanting. Pain shoots through your body!
* * * LOW HITPOINT WARNING * * *
You fail to use your ability.
Jessica hits you with a +0 club.
You die...

, , ##########* , ,,
* ###........., , ,
.......... , ,
######........ , ,
#..........#.#, , *
#..........#.# , . ,
#..........#.##.^..
,
#..........@@.....[
#..........#.##....
* #.........##.... .
*
,*#......)..###....,
, ######.....#..####
* #. ##.......#
,+.⌠, , , #.......#
#.. ,##..####..#
###.#######.#.# ...


You could see Jessica (fast, very poisoned).

Vanquished Creatures
  2 adders
  2 oozes (D:1)
  A dart slug (D:1)
  A leopard gecko (D:1)
  2 ball pythons (D:1)
  4 giant cockroaches (D:1)
  6 goblins
  3 hobgoblins
  3 bats
  A frilled lizard (D:1)
  8 kobolds
  2 rats (D:1)
35 creatures vanquished.

Notes
Turn   | Place    | Note
-------+----------+-------------------------------------------
     0 | D:1      | vvl the Deep Dwarf Necromancer began the quest for the Orb.
     0 | D:1      | Reached XP level 1. HP: 15/15 MP: 3/3
   289 | D:1      | Reached XP level 2. HP: 20/22 MP: 0/4
   448 | D:1      | Found a snail-covered altar of Cheibriados.
   652 | D:1      | Reached skill level 1 in Armour
   749 | D:1      | Reached XP level 3. HP: 26/28 MP: 1/6
  1180 | D:2      | Found a blossoming altar of Fedhas.
  1197 | D:1      | Reached skill level 5 in Necromancy
  1337 | D:2      | Noticed Jessica
  1354 | D:2      | HP: 1/28 [Jessica/nerve-wracking pain (5)]
  1355 | D:2      | Slain by Jessica

Illustrated notes

Levels and vault maps discovered:
D:1:      dpeg_arrival_short_road, layout_basic, wad_floor_pattern_2,
          chequers_jeans, cheibriados_altar_1
D:2:      layout_rooms, grunt_ministairs_5, fedhas_altar_1, uniq_jessica,
          uniq_crazy_yiuf_cottage

Skill      XL: |  1  2  3 |
---------------+----------+-----
Spellcasting   | 2 |  2.2
Armour         | 1 |  1.6
Necromancy     | 5 |  5.1
Dodging        | |  2.8
Stealth        | |  2.4

Action                   || total
-------------------------++-------
Melee: Whip              ||    18
 Cast: Pain              ||    60
Armor: Robe              ||     3
Dodge: Dodged            ||    26
